Map: Ruínas de Endion

Players

Bally

  • Race: Terran Terran
  • League: Master

TheZergLord - Winner!

  • Race: Zerg Zerg
  • League: Grandmaster

VOD

Have the link to the VOD?

Description

Time

  • Played on: May 28, 2016, 6:56 a.m.
  • Length: 4:33
Show
View Real Time Build Order
Export as new Build Order

Bally Terran 

Build Orders: 1/1/1 

Get SALT Encoding   

  12  0:01  SCV  
  13  0:13  SCV  
  14  0:18  Supply Depot  
  14  0:25  SCV  
  14  0:28  Refinery  
  15  0:39  SCV  
  16  0:45  Barracks  
  16  0:51  SCV  
  17  1:03  SCV  
  18  1:15  SCV  
  19  1:32  Orbital Command  
  19  1:33  Marine  
  19  1:35  Factory  
  20  1:52  Barracks Reactor  
  20  2:02  Command Center  
  20  2:05  SCV  
  21  2:11  Supply Depot  
  21  2:17  SCV  
  22  2:25  Starport  
  22  2:39  Hellion x2  
  22  2:41  Supply Depot  
  26  2:44  SCV  
  27  3:00  Hellion x2  
  27  3:04  Medivac  
  33  3:13  Orbital Command  
  33  3:33  Command Center, Factory Tech Lab  
  33  3:40  SCV  
  34  3:46  Viking  
  36  3:49  SCV  
  36  3:51  Refinery  
  36  3:52  SCV  
  38  3:56  Marine  
  38  3:57  Marine  
  38  4:01  Bunker  
  40  4:04  SCV  
  41  4:14  Marine x2  
  41  4:16  SCV  
Show
View Real Time Build Order
Export as new Build Order

TheZergLord Zerg - Winner!

Build Orders: Hatch First 

Get SALT Encoding   

  12  0:01  Drone  
  13  0:13  Overlord  
  13  0:18  Drone  
  14  0:33  Drone x2  
  16  0:35  Drone  
  17  0:52  Hatchery  
  17  0:55  Drone  
  17  0:58  Drone  
  18  1:09  Extractor  
  17  1:14  Spawning Pool  
  17  1:16  Drone  
  17  1:21  Drone  
  18  1:30  Drone  
  19  1:41  Overlord  
  19  2:03  Queen  
  19  2:04  Zergling x4  
  19  2:05  Queen, Drone  
  26  2:12  Metabolic Boost  
  26  2:15  Drone  
  26  2:16  Drone  
  28  2:23  Drone  
  29  2:34  Drone x2  
  31  2:37  Drone  
  31  2:42  Queen  
  34  2:47  Overlord  
  34  2:50  Pneumatized Carapace  
  34  2:51  Zergling x2  
  34  2:56  Zergling x2  
  36  2:59  Evolution Chamber  
  35  3:10  Zergling x2  
  35  3:11  Zergling x4  
  38  3:14  Overlord  
  38  3:17  Zergling x6  
  38  3:19  Zergling x2  
  41  3:32  Zergling x2  
  41  3:33  Zergling x6  
  43  4:01  Roach Warren  
  46  4:06  Overlord  
  46  4:07  Zergling x4  
  48  4:10  Zergling x2  
Tags
 
Add a new tag
Caveats
  • Supply blocks, unpowered buildings, or Contaminate may cause inaccurate times.
  • Supply counts are checked every 10 seconds.